 Dungeon Crawl Stone Soup version 0.29-a0-22-gbf593b16ee (webtiles) character file.

Game seed: 3483646971371301369

79 HallandMoats the Skirmisher (level 4, -4/40 HPs)
             Began as a Ghoul Monk on Jan 29, 2022.
             Slain by an ogre (17 damage)
             ... on level 3 of the Dungeon.
             The game lasted 00:01:36 (1750 turns).

HallandMoats the Skirmisher (Ghoul Monk)            Turns: 1750, Time: 00:01:37

Health: -4/40      AC: 10    Str: 16    XL:     4   Next: 37%
Magic:  4/4        EV:  5    Int:  5    God:
Gold:   94         SH:  0    Dex: 11    Spells: 3/3 levels left

rFire   . . .      SeeInvis .     - Unarmed
rCold   + . .      Faith    .   (no shield)
rNeg    + + +      Spirit   .   e - +0 plate armour
rPois   ∞          Reflect  .   (no helmet)
rElec   .          Harm     .   (no cloak)
rCorr   .          Rampage  .   (no gloves)
Will    .....                   (no boots)
Stlth   ..........              (no amulet)
HPRegen 0.00/turn               (no ring)
MPRegen 0.09/turn               (no ring)

@: inhibited regen
A: claws 1, cold resistance 1, negative energy resistance 3, inhibited
regeneration, torment resistance 2
a: no special abilities


You were on level 3 of the Dungeon.
You visited 1 branch of the dungeon, and saw 3 of its levels.

You collected 94 gold pieces.

Inventory:

Armour
 e - a +0 plate armour (worn)
Scrolls
 b - a scroll of magic mapping {unknown}
 c - 2 scrolls of immolation {unknown}
 d - 3 scrolls of enchant armour {unknown}
 g - a scroll of vulnerability {unknown}
 i - a scroll of amnesia {unknown}
Potions
 a - 2 potions of curing {unknown}
 f - 2 potions of mutation {unknown}
 h - a potion of lignification {unknown}
 j - a potion of might {unknown}


   Skills:
 * Level 4.0 Fighting
 + Level 1.0 Armour
 + Level 3.0 Dodging
 - Level 2.1 Stealth
 * Level 3.9 Unarmed Combat
 * Level 1.9 Invocations


You had 3 spell levels left.
You didn't know any spells.
Your spell library was empty.

Dungeon Overview and Level Annotations

Branches:
Dungeon (3/15)

Altars:
Elyvilon
Zin


Innate Abilities, Weirdness & Mutations

You thrive by killing the living.
You are immune to poison.
You have sharp fingernails.
Your flesh is cold resistant. (rC+)
You are immune to negative energy. (rN+++)
You do not regenerate when monsters are visible.
You are immune to unholy pain and torment.


Message History

No target in view!
An ogre comes into view. It is wielding a +0 giant spiked club.
The ogre shouts!
An ogre is nearby!
An ogre is nearby!
An ogre is nearby!
An ogre is nearby!
The ogre completely misses you.
You scratch the ogre but do no damage.
The ogre hits you with a +0 giant spiked club!!
Ouch! That really hurt!
You are too injured to fight recklessly!
You are too injured to fight recklessly!
You are too injured to fight recklessly!
You are too injured to fight recklessly!
You are too injured to fight recklessly!
You are too injured to fight recklessly!
You are too injured to fight recklessly!
You are too injured to fight recklessly!
You are too injured to fight recklessly!
You are too injured to fight recklessly!
You are too injured to fight recklessly!
You are too injured to fight recklessly!
You are too injured to fight recklessly!
You are too injured to fight recklessly!
You are too injured to fight recklessly!
You are too injured to fight recklessly!
You are too injured to fight recklessly!
You are too injured to fight recklessly!
You are too injured to fight recklessly!
You are too injured to fight recklessly!
You claw the ogre!
The ogre is moderately wounded.
You barely miss the ogre.
The ogre is moderately wounded.
The ogre hits you with a +0 giant spiked club.
You claw the ogre!
The ogre is severely wounded.
The ogre hits you with a +0 giant spiked club!
You die...

#.###.#.....#
........###.# #+##
#######.# #.# ##...##
........###.# ##.....##
#######..##.###.......##
##...#.##.........#
#.......+.........+
##...#.##.........#
####.##.###.@O....#
...........#.....##
######..##.##...##
#..##.# #+## ....##.#
.##..##.# .. ...##.. .
....##.# ##.....#


You could see an ogre.

Vanquished Creatures
  3 adders (D:2)
  An adder skeleton (D:2)
  3 dart slugs
  6 ball pythons
  3 endoplasms
  2 giant cockroaches (D:2)
  3 goblins
  5 hobgoblins
  2 jackals (D:2)
  3 quokkas
  3 bats
  3 frilled lizards
  3 kobolds (D:2)
  A quokka skeleton (D:3)
  3 rats
44 creatures vanquished.

Notes
Turn   | Place    | Note
-------+----------+-------------------------------------------
     0 | D:1      | HallandMoats the Ghoul Monk began the quest for the Orb.
     0 | D:1      | Reached XP level 1. HP: 19/19 MP: 0/0
   181 | D:1      | Reached XP level 2. HP: 25/26 MP: 1/1
   408 | D:1      | Reached skill level 1 in Invocations
   634 | D:1      | Found a faded altar of an unknown god.
  1022 | D:2      | Reached XP level 3. HP: 28/31 MP: 2/2
  1324 | D:2      | Reached skill level 1 in Armour
  1324 | D:2      | Reached XP level 4. HP: 35/40 MP: 4/4
  1473 | D:2      | Reached skill level 4 in Fighting
  1743 | D:3      | Noticed an ogre
  1750 | D:3      | Slain by an ogre

Illustrated notes

Levels and vault maps discovered:
D:1:      tarquinn_simple_flora_water_f, layout_basic,
          dreamdust_ecumenical_altar_hidden_monk_grotto, serial_park_tiny_1,
          minmay_misc_feat_roman, minmay_tromino_v4_a
D:2:      layout_basic, basic_altar
D:3:      minmay_recursive_quarters, layout_loops_corners,
          mainiacjoe_overflow_cross_hatched

Skill      XL: |  1  2  3  4 |
---------------+-------------+-----
Invocations    | 1 |  1.9
Armour         | 1 |  1.0
Fighting       | 4 |  4.0
Dodging        | 3 |  3.0
Stealth        | |  2.1
Unarmed Combat | |  3.9

Action                   |  1- 3 |  4- 6 || total
-------------------------+-------+-------++-------
Melee: Unarmed           |   111 |    32 ||   143
       Punch             |     3 |     1 ||     4
 Stab: Sleeping          |     1 |       ||     1
Armor: Robe              |     2 |       ||     2
       Plate armour      |    52 |    32 ||    84
Dodge: Dodged            |    35 |     8 ||    43

Table legend: (Time is in decaauts)
 A = Elapsed time spent in this place.
 B = Non-inter-level travel time spent in this place.
 C = Inter-level travel time spent in this place.
 D = Time resting spent in this place.
 E = Time spent auto-exploring this place.
 F = Levels seen in this place.
 G = Mean time per level.
                   A        B        C        D        E       F      G
               +--------+--------+--------+--------+--------+-----+--------+
         Total |   1740 |   1707 |     33 |      0 |   1411 |   3 |  580.0 |
       Dungeon |   1740 |   1707 |     33 |      0 |   1411 |   3 |  580.0 |
               +--------+--------+--------+--------+--------+-----+--------+

Top non-repeatable levels by time:
     D:1: 935 daAuts
     D:2: 757 daAuts
     D:3: 48 daAuts
